 Dungeon Crawl Stone Soup version 0.30-a0-121-gb27577e5d9 (webtiles) character file.

Game seed: 14346927047339550220

48 IdlyInterested the Chucker (level 3, -2/27 HPs)
             Began as a Demonspawn Wanderer on Sept 14, 2022.
             Killed from afar by an orc wizard (8 damage)
             ... with a magic dart
             ... on level 3 of the Dungeon.
             The game lasted 00:07:01 (2929 turns).

IdlyInterested the Chucker (Demonspawn Wanderer)    Turns: 2929, Time: 00:07:01

Health: -2/27      AC:  8    Str: 16    XL:     3   Next: 50%
Magic:  0/4        EV:  7    Int: 11    God:
Gold:   30         SH:  0    Dex: 14    Spells: 3/4 levels left

rFire   . . .      SeeInvis .    r - +0 broad axe
rCold   . . .      Faith    .    (no shield)
rNeg    . . .      Spirit   +    p - +0 chain mail
rPois   .          Reflect  .    (no helmet)
rElec   .          Harm     .    (no cloak)
rCorr   .          Rampage  .    (no gloves)
Will    .....                    (no boots)
Stlth   ..........               q - amulet of guardian spirit
HPRegen 0.09/turn                (no ring)
MPRegen 0.09/turn                (no ring)

@: no status effects
A: thin skeletal structure 1, ignite blood 1
a: no special abilities


You were on level 3 of the Dungeon.
You visited 1 branch of the dungeon, and saw 3 of its levels.

You collected 106 gold pieces.
You spent 76 gold pieces at shops.

Inventory:

Hand Weapons
 a - a +2 dagger
 k - a +0 spear
 r - a +0 broad axe (weapon)
Missiles
 b - 3 curare-tipped darts
 g - 45 stones
 m - 10 poisoned darts
Armour
 i - a +0 ring mail
 l - a +0 scale mail
 p - a +0 chain mail (worn)
Jewellery
 q - an amulet of guardian spirit (around neck)
Scrolls
 c - a scroll of fog
 d - a scroll of fear
 e - a scroll of enchant armour {unknown}
 h - a scroll of immolation {unknown}
Potions
 j - a potion of curing
 n - a potion of degeneration {unknown}
 o - a potion of mutation


   Skills:
 - Level 2.2 Fighting
 * Level 0.9 Axes
 - Level 2.6 Throwing
 - Level 2.0 Armour
 + Level 1.1 Dodging
 - Level 1.0 Stealth
 - Level 1.0 Spellcasting
 - Level 1.7 Air Magic
 - Level 1.0 Evocations


You had 3 spell levels left.
You knew the following spells:

 Your Spells              Type           Power      Damage    Failure   Level
a - Shock                 Conj/Air       8%         1d3       99%         1

Your spell library contained the following spells:

 Spells                   Type           Power      Damage    Failure   Level
 Apportation              Tloc           0%         N/A       99%         1
 Necrotise                Necr           0%         1d4       99%         1
 Summon Small Mammal      Summ           0%         N/A       99%         1
 Kindle Blastsparks       Fire/Tloc/Air  2%         2d10      100%        3


Dungeon Overview and Level Annotations

Branches:
Dungeon (3/15)

Altars:

Shops:
D:2 (


Innate Abilities, Weirdness & Mutations

You have a somewhat thin skeletal structure. (Dex +2, Stealth+)
Your demonic aura sometimes causes spilled blood to erupt in flames.


Message History

The quokka bites you but does no damage.
The orc hits you but does no damage. The orc hits you with a +0 club.
* * * LOW HITPOINT WARNING * * *
The quokka bites you but does no damage.
The bat hits you but does no damage. The orc hits you with a +0 club.
* * * LOW HITPOINT WARNING * * *
The orc barely misses you.
You slash the orc!
You kill the orc!
You slash the orc!
You kill the orc!
You miss the quokka. You hit the bat.
You kill the bat!
The quokka bites you.
* * * LOW HITPOINT WARNING * * *
The quokka bites you but does no damage.
You miss the quokka.
The quokka is heavily wounded.
You hit the rat.
You kill the rat!
The quokka bites you but does no damage.
The quokka closely misses you.
You hit the quokka.
You kill the quokka!
e - a scroll labelled USYBOR UCURIPT
Items here: )) [[ †.
Okay, then.
Things that are here:
a +0 short sword; a +0 ring mail; an orc corpse
Items here: )) [[ †.
Things that are here:
a +0 short sword; a +0 ring mail; an orc corpse
Things that are here:
a +0 hand axe; a +0 scale mail; an orc corpse An orc wizard comes into view.
It is wielding a +1 dagger of flaming.
There is a stone staircase leading up here.
You see here a bat corpse.
The orc wizard points at you and mumbles some strange words.
The magic dart hits you!
You die...

# # # .# .. #.## #
#.#.#.
########o##.#####......
#...........##........#
#...)........))#...#
#....).......@.).#
#..<.........#####
#..........#.
#..........#.
#..........#.
##########.#. ... #.


You could see an orc wizard.

Vanquished Creatures
  A worm (D:3)
  2 dart slugs (D:1)
  4 orcs (D:3)
  An endoplasm (D:2)
  2 giant cockroaches (D:2)
  6 goblins
  2 jackals (D:1)
  A quokka (D:3)
  5 ball pythons
  2 bats
  2 frilled lizards
  3 kobolds
  4 rats
35 creatures vanquished.

Notes
Turn   | Place    | Note
-------+----------+-------------------------------------------
     0 | D:1      | IdlyInterested the Demonspawn Wanderer began the quest for
                  | the Orb.
     0 | D:1      | IdlyInterested set off with the following items: a +2
                  | dagger, 3 curare-tipped darts, a scroll of fog, a scroll of
                  | fear, a +0 leather armour; and the following spell
                  | memorised: Shock; and the following spells available to
                  | memorise: Kindle Blastsparks.
     0 | D:1      | Reached XP level 1. HP: 13/13 MP: 2/2
   245 | D:1      | Found a faded altar of an unknown god.
   379 | D:1      | Reached skill level 1 in Fighting
   636 | D:1      | Gained mutation: Your demonic aura sometimes causes spilled
                  | blood to erupt in flames. [demonic ancestry]
   636 | D:1      | Reached XP level 2. HP: 21/21 MP: 3/3
  2040 | D:2      | Found Tont's Antique Weapon Boutique.
  2341 | D:2      | Gained mutation: You have a somewhat thin skeletal
                  | structure. (Dex +2, Stealth+) [demonic ancestry]
  2341 | D:2      | Reached XP level 3. HP: 26/27 MP: 2/4
  2568 | D:2      | Bought a broad axe for 76 gold pieces
  2655 | D:3      | Reached skill level 1 in Dodging
  2929 | D:3      | Killed from afar by an orc wizard

Illustrated notes

Levels and vault maps discovered:
D:1:      eino_arrival_druids_welcome, layout_basic, basic_ecumenical_altar
D:2:      layout_loops_ring, serial_shops, nicolae_shop_advertising_works
          [nicolae_subvault_shop_adworks]
D:3:      layout_rooms

Skill      XL: |  1  2  3 |
---------------+----------+-----
Fighting       | 1 2 |  2.2
Armour         | 2 |  2.0
Dodging        | 1 |  1.1
Axes           | |  0.9
Throwing       | |  2.6
Stealth        | |  1.0
Spellcasting   | |  1.0
Air Magic      | |  1.7
Evocations     | |  1.0

Action                   || total
-------------------------++-------
Melee: Spear             ||    51
       Dagger            ||    68
       Punch             ||     1
       Broad axe         ||    24
  Use: Scroll            ||     4
Armor: Ring mail         ||     7
       Scale mail        ||    55
       Chain mail        ||    33
Dodge: Dodged            ||    76

Table legend: (Time is in decaauts)
 A = Elapsed time spent in this place.
 B = Non-inter-level travel time spent in this place.
 C = Inter-level travel time spent in this place.
 D = Time resting spent in this place.
 E = Time spent auto-exploring this place.
 F = Levels seen in this place.
 G = Mean time per level.
                   A        B        C        D        E       F      G
               +--------+--------+--------+--------+--------+-----+--------+
         Total |   2947 |   2702 |    245 |    990 |   1163 |   3 |  982.3 |
       Dungeon |   2947 |   2702 |    245 |    990 |   1163 |   3 |  982.3 |
               +--------+--------+--------+--------+--------+-----+--------+

Top non-repeatable levels by time:
     D:1: 1449 daAuts
     D:2: 1423 daAuts
     D:3: 74 daAuts
